AoeStats
← po_mriks

Arabia

505963371Analyzed
1v1 RM · 20d ago on Sep 11, 2026· 25m 11s· 2 players
Game mode
Random Map
Map size
Tiny (2 player)
Population
200
Speed
Normal
Resources
Standard
Victory
Conquest
Starting age
Dark Age
Ending age
Imperial Age
RankedLock teamsTeams togetherTeam positionsShared explorationLock speedFull tech treeHidden civsTurbo modeCheats
Victory
Defeat
🇫🇷 Huns · France
1293
+18
🇺🇸 Wu · United States
1342
-18
Neebs
6:34 Loom
9:22 Feudal Age
9:56 Man-at-Arms
10:56 Double-Bit Axe
16:16 Fletching
17:19 Padded Archer Armor
18:32 Horse Collar
22:52 Castle Age
21:57 Scale Mail Armor
22:52 Forging
22:47 Gold Mining
23:50 Chain Mail Armor
23:38 Squires
24:08 Bow Saw
po_mriks
9:10 Loom
11:21 Feudal Age
12:28 Double-Bit Axe
13:02 Horse Collar
14:54 Fletching
18:24 Wheelbarrow
20:56 Castle Age
19:23 Padded Archer Armor
19:50 Scale Barding Armor
20:32 Forging
21:18 Crossbowman
21:54 Bodkin Arrow
24:17 Hand Cart
24:24 Chain Barding Armor
Connection lost

Rejoining the realm…

Still unreachable

The connection could not be restored.

Session expired

The server has moved on; the page needs a fresh start.